 Dungeon Crawl Stone Soup version 0.26.0-11-g8f856b5395 (webtiles) character file.

Game seed: 6054010581865750394

748623 Quickbrownfox the Sorcerer (level 27, -33/245 HPs)
             Began as a Demonspawn Ice Elementalist on Jan 13, 2021.
             Was the Champion of Vehumet.
             Killed from afar by an orb of fire (64 damage)
             ... with a fireball
             ... on level 5 of the Realm of Zot on Jan 15, 2021.
             The game lasted 14:33:09 (106854 turns).

Quickbrownfox the Sorcerer (DsIE)                 Turns: 106854, Time: 14:33:10

Health: -33/245    AC: 12    Str: 12    XL:     27
Magic:  0/51       EV: 29    Int: 26    God:    Vehumet [******]
Gold:   2622       SH:  5    Dex: 32    Spells: 7/74 levels left

rFire    . . .     SeeInvis +   C - staff of cold
rCold    + + .     Faith    .   (no shield)
rNeg     + + .     Spirit   +   Q - +4 robe of the Wilderness {+Fly rN+ Str+3}
rPois    +         Reflect  +   n - +0 hat "Xafuso" {Dex+6}
rElec    .         Harm     .   A - +1 cloak of Starlight {*Dazzle EV+4 Stlth--}
rCorr    .         Rampage  .   x - +2 pair of gloves {Dex+3}
Will     ++...     Rnd*Rage +   (boots unavailable)
Stlth    +++++++...             s - amulet of reflection
HPRegen  0.00/turn              t - ring "Jephesh" {rPois rN+ Dex+4}
MPRegen  0.64/turn              o - ring "Wiliczukh" {Wiz SInv}

@: frozen ramparts
A: hooves 3, thin skeletal structure 3, camouflage 2, berserk 1, blurry vision
2, clumsy 1, cold resistance 1, deformed body, icemail, robust 3, inhibited
regeneration, weak 1, magic shield, magic regeneration, magic link, freezing
cloud immunity, subdued magic 1
}: 4/15 runes: decaying, serpentine, slimy, silver
a: Renounce Religion, Evoke Flight


You were on level 5 of the Realm of Zot.
You worshipped Vehumet.
Vehumet was exalted by your worship.
You visited 12 branches of the dungeon, and saw 58 of its levels.
You visited the Abyss 1 time.
You visited 1 bazaar.
You visited 1 ziggurat, and saw 10 of its levels.
You also visited: Trove and Desolation.

You collected 10833 gold pieces.
You spent 8211 gold pieces at shops.

Inventory:

Hand Weapons
 l - the +7 great mace "Undeadhunter" {disrupt, rN+}
   (You took it off a deep elf demonologist on level 3 of the Elven Halls)

   It protects you from negative energy.
 T - the +7 mace "Myci Kyi" {freeze, rElec Int+2}
   (You found it in the Desolation of Salt)

   It has been specially enchanted to freeze those struck by it, causing extra
   injury to most foes and up to half again as much damage against particularly
   susceptible opponents.
   It can also slow down cold-blooded creatures.
   It affects your intelligence (+2).
   It insulates you from electricity.
Armour
 a - the +4 kite shield of the Komodo Dragon {Regen+ Str+2 Dex+5 Slay-2}
   (You bought it in a shop on level 2 of the Orcish Mines)

   It affects your strength (+2).
   It affects your dexterity (+5).
   It affects your accuracy and damage with ranged weapons and melee attacks
   (-2).
   It increases your rate of regeneration.
 n - the +0 hat "Xafuso" (worn) {Dex+6}
   (You bought it in a shop on level 4 of the Vaults)

   It affects your dexterity (+6).
 x - a +2 pair of gloves of dexterity (worn)
 A - the +1 cloak of Starlight (worn) {*Dazzle EV+4 Stlth--}
   (You bought it in a shop on level 2 of the Orcish Mines)

   It affects your evasion (+4).
   It makes you much less stealthy.
 Q - the +4 robe of the Wilderness (worn) {+Fly rN+ Str+3}
   (You took it off a deep elf elementalist on level 3 of the Depths)

   It affects your strength (+3).
   It protects you from negative energy.
   It lets you fly.
Magical Staves
 f - an uncursed staff of fire
 C - an uncursed staff of cold (weapon)
Jewellery
 d - the ring "Zarodyr" {rCorr Int+5 Dex+4}
   (You found it on level 9 of a ziggurat)

   [ring of resist corrosion]

   It affects your intelligence (+5).
   It affects your dexterity (+4).
   It provides partial protection from all sources of acid and corrosion.
 k - the ring "Soppotob" {+Fly rElec rC- AC+4 SInv}
   (You found it in a treasure trove)

   [ring of protection]

   It affects your AC (+4).
   It makes you vulnerable to cold.
   It insulates you from electricity.
   It lets you see invisible.
   It lets you fly.
 o - the ring "Wiliczukh" (right hand) {Wiz SInv}
   (You found it in the Desolation of Salt)

   [ring of wizardry]

   It improves your spell success rate.
   It lets you see invisible.
 s - an amulet of reflection (around neck)
 t - the ring "Jephesh" (left hand) {rPois rN+ Dex+4}
   (You found it on level 10 of a ziggurat)

   [ring of positive energy]

   It affects your dexterity (+4).
   It protects you from poison.
   It protects you from negative energy.
 u - the ring of Dim Light {Ice +Inv rPois}
   (You found it on level 5 of the Pits of Slime)

   [ring of ice]

   It enhances your ice magic.
   It makes you vulnerable to fire.
   It protects you from cold.
   It protects you from poison.
   It lets you turn invisible.
 v - the ring "Ofeathrio" {Ice Will+}
   (You took it off a deep elf elementalist on level 3 of the Elven Halls)

   [ring of ice]

   It enhances your ice magic.
   It makes you vulnerable to fire.
   It protects you from cold.
   It affects your willpower, your defense against some magical effects.
 E - the ring "Lofeate" {rElec Int+3 Dex+6}
   (You found it in a treasure trove)

   [ring of dexterity]

   It affects your intelligence (+3).
   It affects your dexterity (+6).
   It insulates you from electricity.
 G - the ring "Ytyomifuci" {rN+ Dex+4 SInv}
   (You found it on level 14 of the Dungeon)

   [ring of see invisible]

   It affects your dexterity (+4).
   It protects you from negative energy.
   It lets you see invisible.
 P - the ring "Toyloat" {rC+ AC+4}
   (You found it in a treasure trove)

   [ring of protection]

   It affects your AC (+4).
   It protects you from cold.
 U - the ring "Bumich" {rF+ rN+ Int+3}
   (You found it on level 5 of the Pits of Slime)

   [ring of positive energy]

   It affects your intelligence (+3).
   It protects you from fire.
   It protects you from negative energy.
 Y - the ring of Sececu {rF+ rC+ rN+ Stlth+}
   (You bought it in a shop in a bazaar)

   [ring of stealth]

   It protects you from fire.
   It protects you from cold.
   It protects you from negative energy.
   It makes you more stealthy.
Wands
 H - a wand of flame (84) (quivered)
 J - a wand of paralysis (14)
 N - a wand of disintegration (11)
 O - a wand of acid (13)
 R - a wand of digging (26)
 S - a wand of iceblast (28)
 W - a wand of enslavement (42)
Scrolls
 g - 6 scrolls of fear
 h - 12 scrolls of fog
 j - 31 scrolls of remove curse
 m - 6 scrolls of blinking
 q - 2 scrolls of magic mapping
 r - 4 scrolls of identify
 z - 19 scrolls of teleportation
 I - 2 scrolls of amnesia
 K - 3 scrolls of enchant weapon
 X - 11 scrolls of vulnerability
Potions
 b - 8 potions of brilliance
 c - 5 potions of cancellation
 i - 3 potions of flight
 p - 2 potions of ambrosia
 w - a potion of mutation
 y - a potion of resistance
 B - a potion of magic
 D - a potion of heal wounds
 F - 5 potions of haste
 M - 8 potions of curing
 Z - a potion of invisibility
Miscellaneous
 e - a condenser vane
 L - a phantom mirror
 V - a tin of tremorstones (2/2)


   Skills:
 + Level 9.8 Fighting
 + Level 1.9 Short Blades
 + Level 8.6(10.0) Axes
 + Level 8.2(10.0) Maces & Flails
 + Level 2.3(5.7) Staves
 + Level 6.8(6.9) Slings
 + Level 7.1 Crossbows
 + Level 1.1(4.4) Throwing
 * Level 12.4 Armour
 + Level 10.6 Dodging
 + Level 7.7 Stealth
 + Level 9.1 Shields
 + Level 0.2 Unarmed Combat
 + Level 24.2 Spellcasting
 + Level 22.4 Conjurations
 + Level 7.2 Hexes
 + Level 13.6 Summonings
 + Level 3.8 Transmutations
 + Level 16.2 Fire Magic
 * Level 18.1 Ice Magic
 + Level 8.9 Poison Magic
 + Level 11.9 Evocations


You had 7 spell levels left.
You knew the following spells:

 Your Spells              Type           Power        Failure   Level
a - Freeze                Ice            100%         0%          1
b - Frozen Ramparts       Ice            100%         0%          3
c - Irradiate             Conj/Tmut      33%          1%          5
d - Olgreb's Toxic Radia  Pois           56%          1%          4
e - Orb of Destruction    Conj           42%          1%          7
f - Fireball              Conj/Fire      39%          0%          5
g - Spellforged Servitor  Conj/Summ      38%          1%          7
h - Ignite Poison         Fire/Tmut/Pois 58%          1%          3
i - Ozocubu's Refrigerat  Ice            49%          1%          6
j - Fire Storm            Conj/Fire      39%          4%          9
k - Ignition              Fire           36%          1%          8
l - Absolute Zero         Ice            49%          7%          9

Your spell library contained the following spells:

 Spells                   Type           Power        Failure   Level
 Shatter                  Erth           12%          99%         9
 Tornado                  Air            12%          99%         9
 Foxfire                  Conj/Fire      100%         0%          1
 Magic Dart               Conj           100%         0%          1
 Shock                    Conj/Air       100%         0%          1
 Summon Small Mammal      Summ           100%         0%          1
 Call Imp                 Summ           68%          0%          2
 Ensorcelled Hibernation  Hex/Ice        100%         0%          2
 Searing Ray              Conj           100%         0%          2
 Call Canine Familiar     Summ           68%          0%          3
 Conjure Flame            Conj/Fire      79%          0%          3
 Dazzling Flash           Conj/Hex       100%         0%          3
 Inner Flame              Hex/Fire       63%          0%          3
 Mephitic Cloud           Conj/Pois/Air  60%          0%          3
 Ozocubu's Armour         Ice            98%          0%          3
 Static Discharge         Conj/Air       62%          0%          3
 Stone Arrow              Conj/Erth      100%         0%          3
 Summon Guardian Golem    Hex/Summ       60%          0%          3
 Fulminant Prism          Conj/Hex       35%          0%          4
 Hailstorm                Conj/Ice       100%         0%          4
 Sticky Flame             Conj/Fire      79%          0%          4
 Summon Ice Beast         Ice/Summ       93%          0%          4
 Iskenderun's Battlesphe  Conj           85%          0%          5
 Animate Skeleton         Necr           48%          1%          1
 Apportation              Tloc           48%          1%          1
 Beastly Appendage        Tmut           78%          1%          1
 Corona                   Hex            57%          1%          1
 Pain                     Necr           96%          1%          1
 Sandblast                Erth           48%          1%          1
 Sting                    Tmut/Pois      100%         1%          1
 Blink                    Tloc           N/A          1%          2
 Corpse Rot               Necr/Air       N/A          1%          2
 Passwall                 Tmut/Erth      25%          1%          2
 Poisonous Vapours        Pois/Air       84%          1%          2
 Slow                     Hex            52%          1%          2
 Sublimation of Blood     Necr           12%          1%          2
 Swiftness                Air            24%          1%          2
 Wereblood                Tmut           39%          1%          2
 Confusing Touch          Hex            52%          1%          3
 Gell's Gravitas          Tloc           12%          1%          3
 Lesser Beckoning         Tloc           12%          1%          3
 Portal Projectile        Hex/Tloc       76%          1%          3
 Spider Form              Tmut/Pois      24%          1%          3
 Tukima's Dance           Hex            52%          1%          3
 Vampiric Draining        Necr           12%          1%          3
 Airstrike                Air            12%          1%          4
 Cause Fear               Hex            26%          1%          4
 Ice Form                 Ice/Tmut       80%          1%          4
 Iskenderun's Mystic Bla  Conj/Tloc      62%          1%          4
 Leda's Liquefaction      Hex/Erth       19%          1%          4
 Petrify                  Tmut/Erth      31%          1%          4
 Summon Lightning Spire   Summ/Air       51%          1%          4
 Alistair's Intoxication  Tmut/Pois      32%          1%          5
 Blade Hands              Tmut           19%          1%          5
 Bolt of Magma            Conj/Fire/Erth 33%          1%          5
 Lightning Bolt           Conj/Air       31%          1%          5
 Metabolic Englaciation   Hex/Ice        42%          1%          5
 Summon Demon             Summ           34%          1%          5
 Yara's Violent Unravell  Hex/Tmut       23%          1%          5
 Conjure Ball Lightning   Conj/Air       31%          1%          6
 Freezing Cloud           Conj/Ice/Air   43%          1%          6
 Iron Shot                Conj/Erth      31%          1%          6
 Simulacrum               Ice/Necr       37%          1%          6
 Starburst                Conj/Fire      39%          1%          6
 Silence                  Hex/Air        19%          2%          5
 Invisibility             Hex            52%          2%          6
 Animate Dead             Necr           12%          3%          4
 Dispel Undead            Necr           24%          3%          4
 Passage of Golubria      Tloc           N/A          3%          4
 Lee's Rapid Deconstruct  Erth           12%          3%          5
 Agony                    Necr           24%          11%         5
 Borgnjor's Vile Clutch   Necr/Erth      12%          11%         5
 Excruciating Wounds      Necr           12%          11%         5
 Hydra Form               Tmut           19%          12%         6
 Haunt                    Necr/Summ      25%          21%         7
 Malign Gateway           Summ/Tloc      25%          21%         7
 Statue Form              Tmut/Erth      20%          26%         6
 Death Channel            Necr           12%          50%         6
 Dispersal                Tloc           12%          50%         6
 Dragon Form              Tmut           19%          52%         7
 Chain Lightning          Conj/Air       31%          7%          8
 Lehudib's Crystal Spear  Conj/Erth      31%          7%          8
 Discord                  Hex            26%          77%         8
 Borgnjor's Revivificati  Necr           12%          100%        8
 Disjunction              Tloc           12%          100%        8
 Infestation              Necr           12%          100%        8
 Necromutation            Tmut/Necr      15%          100%        8
 Death's Door             Necr           12%          100%        9


Dungeon Overview and Level Annotations

Branches:
Dungeon (15/15)            Temple (1/1) D:7            Lair (6/6) D:9
  Swamp (4/4) Lair:4        Snake (4/4) Lair:3        Slime (5/5) Lair:5
    Orc (2/2) D:11            Elf (3/3) Orc:2        Vaults (5/5) D:13
  Crypt (3/3) Vaults:2       Tomb (0/3) Crypt:3      Depths (5/5) D:15
    Zot (5/5) Depths:5    Desolation (visited)

Altars:
Cheibriados
Dithmenos
Elyvilon
Fedhas
Gozag
Hepliaklqana
Kikubaaqudgha
Makhleb
Nemelex Xobeh
Okawaru
Sif Muna
Uskayaw
Vehumet
Wu Jian
Xom
Yredelemnul
The Shining One
Jiyva

Shops:
D:13 =   Orc:2 [:}*   Elf:2 :   Snake:4 *   Vaults:3 }=   Vaults:4 *[([
Vaults:5 ([?=   Depths:4 !*   Depths:5 [*

Portals:
Hell: Depths:1 Depths:2 Depths:4 Depths:5
Abyss: Depths:4 Depths:5
Pandemonium: Depths:1 Depths:2 Depths:3

Annotations:
D:14 Josephine
Vaults:4 Mennas
Depths:3 Mara
Zot:5 3 runed translucent doors, Hicanoach's ghost, master DsGl; Muataran's ghost, veteran MiMo


Innate Abilities, Weirdness & Mutations

You have hooves in place of feet.
You have an unnaturally thin skeletal structure. (Dex +6, Stealth++)
Your flesh is cold resistant. (rC+)
A meltable icy envelope protects you from harm. (AC +0)
You are extremely robust. (+30% HP)
When hurt, damage is shared between your health and your magic reserves.
You regenerate magic rapidly.
When low on magic, you restore magic in place of health.
You are immune to freezing clouds.
Your skin blends seamlessly with your surroundings (Stealth++).
You tend to lose your temper in combat.
Scrolls take you longer to read.
You are clumsy. (Dex -2)
Armour fits poorly on your strangely shaped body.
You do not regenerate when monsters are visible.
You are weak. (Str -2)
Your spells are a little easier to cast, but a little less powerful.


Message History

The orb of fire resists.
The wall freezes the orb of fire.
The orb of fire resists.
The wall freezes the orb of fire.
The orb of fire glows deep purple.
The fireball explodes!
The fireball engulfs you!!!!
* * * LOW HITPOINT WARNING * * *
The fireball engulfs the orb of fire.
The orb of fire completely resists.
You hear a deafening roar!
You feel much better.
The orb of fire resists.
The wall freezes the orb of fire.
Unknown command.
Okay, then.
Magic courses through your body.
The orb of fire resists.
The wall freezes the orb of fire.
The orb of fire glows yellow.
Strange energies course through your body.
You feel a little pissed off.
The orb of fire resists.
The wall freezes the orb of fire.
The orb of fire glows bright magenta.
The fireball explodes!
The fireball engulfs you!!!!
You die...

.............# ##^...........
#...........## #§........^...
#.....^.....# #.....)........
#.........!.## #..............
.)...........# #...§...!......
...........).## #§....?..^....^
..............###.*...8........
.###########.[.###............^
## ##..*@##...^....X.^. #
###...^............
#▓▓▓▓▓▓▓▓▓▓▓##... .


You could see an orb of fire.

Vanquished Creatures
  the Royal Jelly (Slime:5)
  2 ancient liches
  2 orbs of fire (Zot:5)
  4 juggernauts
  The ghost of wilo the Conqueror, a master MfBe of Trog (Zot:4)
  A Killer Klown (Zot:5)
  Frederick (Crypt:1)
  4 caustic shrikes
  A pandemonium lord (Zig:7)
  14 golden dragons
  A bone dragon (Crypt:3)
  2 electric golems
  19 tentacled monstrosities
  5 liches
  2 deep elf blademasters (Elf:3)
  2 deep elf master archers (Elf:3)
  7 Orb Guardians (Zot:5)
  Rupert (D:13)
  12 quicksilver dragons
  2 titans
  14 death cobs
  5 sphinxes
  20 acid blobs
  7 ancient champions (Crypt:3)
  A thorn hunter (Swamp:4)
  10 storm dragons
  14 shadow dragons
  6 tengu reavers
  4 revenants
  6 nagarajas (Snake:4)
  A fenstrider witch (Swamp:2)
  5 draconian monks
  12 azure jellies
  16 fire giants
  10 frost giants
  6 deep elf sorcerers
  3 imperial myrmidons (Desolation)
  5 ghost moths
  6 draconian shifters
  3 iron dragons
  5 draconian scorchers
  3 orc warlords
  2 curse skulls
  4 draconian knights
  9 ghouls
  15 vault wardens
  3 draconian annihilators
  8 ironheart preservers
  4 deep elf elementalists
  2 draconian stormcallers
  A balrug (Zig:6)
  A reaper (Crypt:2)
  2 caustic shrike skeletons (Crypt:3)
  A juggernaut zombie (Crypt:2)
  A spriggan defender (Depths:5)
  A war gargoyle (Vaults:5)
  25 stone giants
  A black sun (Zig:7)
  8 green draconians
  The ghost of Beaer the Slicer, a journeyman VSBr of Okawaru (Swamp:2)
  3 corrupters (Zig:7)
  7 black draconians
  Azrael (D:14)
  19 very ugly things
  4 yellow draconians
  12 deep elf demonologists
  6 vampire knights
  An entropy weaver (shapeshifter) (Vaults:4)
  6 deep elf annihilators
  2 entropy weavers
  3 halazid warlocks (Desolation)
  6 purple draconians
  2 dire elephants (Zig:8)
  2 bunyips (Swamp:2)
  8 white draconians
  6 spark wasps (Depths:5)
  5 red draconians
  10 ettins
  6 eidola
  4 eleionomae
  3 ragged hierophants
  5 deep elf death magi
  5 nameless horrors
  22 yaktaur captains
  5 fire dragons
  18 great orbs of eyes
  5 deep elf high priests
  6 death oozes
  6 jiangshi (Crypt:1)
  A blizzard demon (Zig:7)
  11 ogre magi
  2 servants of whispers (Desolation)
  12 ice dragons
  A quicksilver dragon skeleton (Crypt:3)
  2 rakshasas
  9 naga warriors
  A hell beast (Depths:2)
  26 vault guards
  A ghost crab (Swamp:2)
  25 hydras
  4 peacekeepers (Desolation)
  A catoblepas (D:13)
  6 spriggan air magi
  11 alligators
  8 death knights
  12 centaur warriors
  12 boulder beetles
  10 anacondas
  52 two-headed ogres
  15 dancing weapons
  7 deep troll shamans
  A queen ant (Lair:2)
  10 deep troll earth magi
  16 death yaks
  8 tengu warriors
  A death yak (shapeshifter) (Depths:2)
  2 spriggan berserkers
  An orc high priest (Swamp:4)
  7 shock serpents
  21 naga sharpshooters
  17 deep elf knights
  A thrashing horror (Zig:6)
  8 vampire magi
  A shock serpent (shapeshifter) (Depths:3)
  11 hell knights
  Sonja (Lair:2)
  A salamander mystic (Snake:2)
  A sun demon (Zig:6)
  2 golden dragon zombies (Crypt:1)
  2 soul eaters (Crypt:3)
  22 skeletal warriors
  6 titan skeletons (Crypt:3)
  3 shadow wraiths
  7 iron trolls
  A large abomination (Abyss:2)
  A wretched star (Abyss:2)
  46 deep trolls
  11 sea snakes
  2 anaconda zombies (Crypt:1)
  6 flayed ghosts
  A goliath frog (Swamp:1)
  A death drake (Zig:9)
  The ghost of lis82 the Zephyrmancer, a novice DgAE (D:7)
  A starcursed mass (Zig:6)
  14 swamp dragons
  4 spriggan druids
  5 glowing orange brains
  16 phantasmal warriors
  5 naga ritualists
  15 deep elf archers
  A shadow dragon zombie (Crypt:3)
  7 bog bodies
  2 wizards
  2 lindwurms (Lair:6)
  15 orc knights
  A swamp dragon (shapeshifter) (D:13)
  Pikel (D:9)
  68 deep elf magi
  A harpy (Vaults:4)
  22 ironbrand convokers
  2 anaconda skeletons (Crypt:3)
  11 cyclopes
  6 wolf spiders
  10 mana vipers
  10 salamanders
  2 shadow dragon skeletons
  13 necromancers
  An orb spider (shapeshifter) (Vaults:4)
  A fire giant zombie (Crypt:1)
  2 orc sorcerers
  A manticore (shapeshifter) (Depths:3)
  44 ugly things
  3 will-o-the-wisps
  A mana viper (shapeshifter) (Vaults:5)
  2 oklob plants
  10 shining eyes
  A shining eye (shapeshifter) (Vaults:1)
  26 moths of wrath
  A goliath frog skeleton (Crypt:1)
  4 elephants (Lair:6)
  7 torpor snails
  4 centaur zombies
  3 frost giant skeletons
  30 black mambas
  8 guardian serpents
  An elephant (shapeshifter) (Elf:3)
  16 naga magi
  12 vault sentinels
  A rust devil (Depths:2)
  2 smoke demons (Zig:6)
  An eye of devastation (Slime:2)
  4 stone giant skeletons
  2 cane toads (shapeshifter)
  A shock serpent skeleton (Crypt:3)
  A gargoyle (D:14)
  A minotaur zombie (Crypt:3)
  A storm dragon simulacrum (Depths:2)
  An orange demon (Depths:2)
  A yaktaur zombie (Depths:1)
  8 rime drakes
  A yaktaur (shapeshifter) (Elf:3)
  14 cane toads
  3 dire elephant skeletons (Crypt:3)
  3 centaur skeletons
  11 freezing wraiths
  A hellwing (Zig:7)
  2 rime drakes (shapeshifter)
  A tormentor (Zig:7)
  12 komodo dragons
  2 efreet (Zot:1)
  67 yaktaurs
  A kobold demonologist (D:12)
  An ice devil (Zig:2)
  A black draconian skeleton (Crypt:3)
  3 tengu conjurers
  A grey draconian skeleton (Crypt:2)
  A red draconian skeleton (Crypt:2)
  A demonic crawler (Zig:7)
  A bloated husk (Zig:10)
  9 tyrant leeches
  A wind drake (shapeshifter) (Depths:2)
  A troll (shapeshifter) (D:15)
  23 trolls
  2 shadow dragon simulacra (Depths:2)
  A hornet (shapeshifter) (D:13)
  6 polar bears
  19 hornets
  2 hydra skeletons
  A polar bear (shapeshifter) (Depths:3)
  19 saltlings
  A wind drake (Zig:9)
  An iron dragon simulacrum (Crypt:3)
  A blink frog (shapeshifter) (Vaults:4)
  2 meliai (shapeshifter)
  2 deep troll zombies
  A fire dragon zombie (Depths:1)
  2 harpy skeletons (Crypt:3)
  101 slime creatures
  A sphinx simulacrum (Depths:2)
  18 blink frogs
  An ettin zombie (Crypt:3)
  11 dream sheep (Lair:6)
  A satyr zombie (Crypt:1)
  A spriggan zombie (Depths:1)
  2 alligator skeletons
  2 ettin skeletons (Crypt:3)
  3 air elementals (Elf:3)
  18 flying skulls
  Sigmund (D:6)
  A fire dragon skeleton (Crypt:3)
  13 wraiths
  8 water elementals
  A shadow (D:15)
  A dire elephant simulacrum (Crypt:1)
  4 vampires
  A spriggan (shapeshifter) (Vaults:2)
  4 wyverns
  61 yaks
  A black mamba zombie (Crypt:2)
  A redback (Vaults:5)
  A redback (shapeshifter) (Depths:4)
  6 fire elementals
  2 hogs (D:15)
  11 spriggans
  6 basilisks
  A black mamba skeleton (Crypt:1)
  11 golden eyes
  2 steam dragons
  2 human simulacra
  Grum (D:11)
  4 vampire mosquitoes (Swamp:2)
  13 wargs
  Menkaure (D:4)
  A catoblepas simulacrum (Crypt:1)
  A swamp worm (shapeshifter) (Vaults:5)
  A merfolk zombie (Crypt:3)
  6 acid dragons
  A faun zombie (Crypt:3)
  14 water moccasins
  3 hell hounds (D:14)
  53 nagas
  19 soldier ants (Lair:2)
  16 swamp worms
  A cane toad zombie (Crypt:1)
  3 floating eyes
  A gelid demonspawn skeleton (Crypt:2)
  A black bear (shapeshifter) (Depths:5)
  A hornet zombie (D:15)
  An ice beast (shapeshifter) (Vaults:5)
  3 sky beasts
  10 swamp drakes
  4 ice beasts
  56 orc warriors
  A lindwurm zombie (Crypt:2)
  2 phantoms
  A boulder beetle simulacrum (Vaults:2)
  9 eyes of draining
  7 wolves
  A lindwurm skeleton (Crypt:3)
  2 manticore skeletons (Crypt:1)
  52 ogres
  15 centaurs
  2 necrophages
  13 boggarts
  4 lemures (D:9)
  An elf simulacrum (Depths:2)
  3 big kobolds
  3 elf zombies
  A bullfrog (shapeshifter) (Depths:4)
  A cyclops zombie (Crypt:2)
  15 bullfrogs
  2 earth elementals
  A draconian skeleton (Crypt:1)
  2 gnoll sergeants
  A deep troll simulacrum (Vaults:3)
  An elf skeleton (Crypt:2)
  A komodo dragon skeleton (Crypt:2)
  A wyvern skeleton (D:11)
  A scorpion (D:8)
  A water moccasin skeleton (D:8)
  12 killer bees
  A killer bee (shapeshifter) (Vaults:2)
  A manticore simulacrum (Crypt:1)
  33 wights
  2 vampire bats (Lair:6)
  8 howler monkeys
  An electric eel (Lair:4)
  2 yaktaur simulacra
  3 bullfrog zombies
  5 human zombies
  6 bullfrog skeletons
  9 hounds
  9 jellies
  28 orc priests
  4 human skeletons
  8 iguanas
  37 orc wizards
  34 worker ants
  2 hell rats (Lair:5)
  3 small abominations (Abyss:2)
  2 centaur simulacra
  2 hound zombies
  A hound skeleton (D:4)
  3 mummies (D:14)
  11 gnolls
  16 adders
  11 river rats (Lair:5)
  2 shadow imps
  7 white imps
  2 ufetubi
  2 adder zombies (D:8)
  A halfling zombie (Crypt:3)
  2 adder skeletons
  A halfling skeleton (Crypt:3)
  2 worms
  2 leopard geckos
  155 orcs
  5 ball pythons
  A bat skeleton (Crypt:1)
  6 giant cockroaches
  12 goblins
  13 hobgoblins
  10 jackals
  17 kobolds
  6 quokkas
  15 bats
  2 frilled lizards
  An orc skeleton (D:14)
  An orc zombie (D:14)
  A quokka zombie (D:7)
  9 rats
  12 blocks of ice
  3 bushes (Lair:2)
  9 fire vortices
  4 fulminant prisms (D:14)
2843 creatures vanquished.

Vanquished Creatures (collateral kills)
  An ancient lich (Zot:5)
  An orb of fire (Zot:5)
  Saint Roka (Elf:2)
  Margery (Crypt:1)
  3 golden dragons
  Jory (Depths:3)
  3 tentacled monstrosities
  Asterion (Vaults:3)
  2 Orb Guardians (Zot:5)
  2 titans
  3 liches
  4 ancient champions
  4 acid blobs
  A sphinx (shapeshifter) (Vaults:5)
  A sphinx (Vaults:2)
  A tentacled starspawn (Zig:6)
  6 storm dragons
  Kirke (D:15)
  Donald (Elf:3)
  5 nagarajas
  3 tengu reavers
  3 azure jellies (Slime:5)
  A revenant (Crypt:2)
  3 shadow dragons
  A draconian knight (Zot:5)
  A deep elf sorcerer (Vaults:1)
  2 fire giants
  4 frost giants
  7 vault wardens
  A cacodemon (Abyss:2)
  A curse skull (Crypt:2)
  An iron dragon (Depths:5)
  A draconian shifter (Zot:2)
  2 draconian stormcallers
  2 deep elf elementalists
  2 ironheart preservers
  5 stone giants
  4 very ugly things
  6 ghouls
  3 vampire knights
  Nessos (Orc:2)
  3 black draconians
  2 bunyips
  A deep elf annihilator (Elf:3)
  A deep elf demonologist (Vaults:5)
  A white draconian (Zot:1)
  2 red draconians
  A purple draconian (Zot:1)
  A jiangshi (Crypt:1)
  3 fire dragons
  4 deep elf death magi
  A ragged hierophant (Desolation)
  A deep elf high priest (Elf:3)
  A yaktaur captain (Vaults:5)
  4 ogre magi
  A shambling mangrove (Swamp:4)
  4 great orbs of eyes
  2 hydras (Swamp:3)
  A vault guard (Vaults:1)
  3 naga warriors (Snake:3)
  A servant of whispers (Desolation)
  5 ice dragons
  4 anacondas
  2 boulder beetles (Vaults:4)
  2 ghost crabs
  2 spriggan air magi
  5 two-headed ogres
  7 dancing weapons
  A vampire mage (Crypt:1)
  2 deep troll shamans (Depths:4)
  A tengu warrior (Depths:3)
  2 alligators (Swamp:4)
  A deep troll earth mage (Depths:2)
  5 naga sharpshooters
  A shock serpent (Snake:1)
  A spriggan berserker (Depths:3)
  3 hell knights (Crypt:1)
  12 skeletal warriors
  7 deep elf knights
  3 iron trolls
  A deep troll (shapeshifter) (Vaults:5)
  A flayed ghost (Crypt:3)
  A starcursed mass (Zig:6)
  5 bog bodies
  3 sea snakes
  7 deep trolls
  3 naga ritualists
  3 wizards
  2 swamp dragons (Swamp:4)
  6 ironbrand convokers
  3 lindwurms (Swamp:4)
  3 deep elf archers
  2 necromancers
  9 phantasmal warriors
  12 deep elf magi
  4 orc knights
  A shadow dragon skeleton (Crypt:3)
  2 orc sorcerers (D:15)
  2 mana vipers
  2 elephants (Lair:6)
  6 salamanders
  7 ugly things
  4 guardian serpents (Snake:4)
  4 moths of wrath
  6 black mambas
  A vault sentinel (Vaults:2)
  A frost giant skeleton (Depths:1)
  A fire giant skeleton (Vaults:4)
  A rust devil (Depths:2)
  4 naga magi
  An eye of devastation (Slime:5)
  A human zombie (Vaults:1)
  A yaktaur (shapeshifter) (Vaults:1)
  2 freezing wraiths (Crypt:1)
  6 yaktaurs
  A tengu conjurer (Depths:2)
  A merfolk (shapeshifter) (Vaults:5)
  A polar bear (D:9)
  8 saltlings (Desolation)
  A raiju (shapeshifter) (Vaults:1)
  5 slime creatures
  7 flying skulls
  A stone giant simulacrum (Depths:1)
  An ice dragon skeleton (Depths:1)
  A redback (Vaults:5)
  4 hogs (D:15)
  A wraith (Crypt:1)
  3 swamp worms
  A warg (Elf:2)
  11 nagas
  A gelid demonspawn zombie (Crypt:2)
  2 water moccasins (Snake:3)
  A small abomination (Abyss:2)
  A floating eye (Depths:2)
  3 orc warriors
  A sky beast (shapeshifter) (Vaults:1)
  A necrophage (Crypt:2)
  An alligator simulacrum (Crypt:3)
  An ogre simulacrum (Vaults:1)
  2 earth elementals
  A polar bear zombie (Crypt:3)
  2 wights (Crypt:3)
  An orc (Vaults:5)
  2 blocks of ice
386 creatures vanquished.

Vanquished Creatures (others)
  A curse skull (Crypt:3)
  A purple draconian (Depths:5)
  A green death (Zig:10)
  An eleionoma (Zig:10)
  A deep elf high priest (Vaults:5)
  A yaktaur captain (D:15)
  2 hydras
  2 alligators
  A two-headed ogre (Zot:1)
  2 naga sharpshooters (Snake:4)
  A swamp dragon (Zig:10)
  A deep elf mage (Elf:2)
  A guardian serpent (Snake:3)
  A tyrant leech (Zig:10)
  A saltling (Desolation)
  A slime creature (Vaults:3)
  An acid dragon (Vaults:1)
  A lindwurm skeleton (Crypt:1)
  A hound (D:14)
  An orc wizard (Orc:2)
  2 orcs
  43 blocks of ice
  78 fire vortices
  6 foxfires (Swamp:1)
  82 fulminant prisms
  37 fungi
  135 plants
406 creatures vanquished.

Grand Total: 3635 creatures vanquished

Notes
Turn   | Place    | Note
-------+----------+-------------------------------------------
     0 | D:1      | Quickbrownfox the Demonspawn Ice Elementalist began the
                  | quest for the Orb.
     0 | D:1      | Reached XP level 1. HP: 13/13 MP: 3/3
   501 | D:1      | Gained mutation: When hurt, damage is shared between your
                  | health and your magic reserves. [demonic ancestry]
   501 | D:1      | Reached XP level 2. HP: 19/19 MP: 5/5
   865 | D:1      | Reached skill level 1 in Slings
   865 | D:1      | Reached XP level 3. HP: 6/24 MP: 1/6
  1199 | D:1      | Learned a level 3 spell: Frozen Ramparts
  2102 | D:2      | Gained mutation: You have a somewhat thin skeletal
                  | structure. (Dex +2, Stealth) [demonic ancestry]
  2102 | D:2      | Reached XP level 4. HP: 27/31 MP: 0/7
  2238 | D:2      | Found an iron altar of Okawaru.
  3289 | D:3      | Reached skill level 1 in Fighting
  3289 | D:3      | Gained mutation: You regenerate magic rapidly. [demonic
                  | ancestry]
  3289 | D:3      | Reached XP level 5. HP: 35/37 MP: 8/8
  3446 | D:3      | Gained mutation: You are weak. (Str -2) [potion of
                  | mutation]
  3446 | D:3      | Lost mutation: You are weak. (Str -2) [potion of mutation]
  3446 | D:3      | Gained mutation: You have a pair of small horns on your
                  | head. [potion of mutation]
  3872 | D:3      | Learned a level 3 spell: Ozocubu's Armour
  4297 | D:4      | Gained mutation: Your flesh is cold resistant. (rC+)
                  | [demonic ancestry]
  4297 | D:4      | Reached XP level 6. HP: 38/43 MP: 4/9
  4655 | D:4      | Noticed Menkaure
  4665 | D:4      | Killed Menkaure
  4666 | D:4      | Reached skill level 5 in Slings
  4666 | D:4      | Reached XP level 7. HP: 21/51 MP: 0/11
  4902 | D:4      | Reached skill level 3 in Spellcasting
  5685 | D:4      | Learned a level 4 spell: Summon Ice Beast
  5840 | D:5      | Entered Level 5 of the Dungeon
  6445 | D:5      | Gained mutation: When low on magic, you restore magic in
                  | place of health. [demonic ancestry]
  6445 | D:5      | Reached XP level 8. HP: 39/57 MP: 8/13
  6667 | D:6      | Reached skill level 1 in Short Blades
  6667 | D:6      | Reached skill level 1 in Summonings
  6987 | D:6      | Got a distressingly furry cloak
  6993 | D:6      | Identified the +2 cloak "Zosistuk" {+Inv Regen+ Stlth-}
                  | (You found it on level 6 of the Dungeon)
  7023 | D:6      | Reached skill level 1 in Armour
  7277 | D:6      | Reached skill level 4 in Spellcasting
  7437 | D:6      | Learned a level 4 spell: Fulminant Prism
  7448 | D:6      | Reached skill level 1 in Evocations
  7485 | D:6      | Noticed Sigmund
  7491 | D:6      | Killed Sigmund
  7492 | D:6      | Reached skill level 1 in Hexes
  7588 | D:6      | Reached skill level 1 in Conjurations
  7978 | D:7      | Found a staircase to the Ecumenical Temple.
  7989 | Temple   | Entered the Ecumenical Temple
  8080 | Temple   | Became a worshipper of Vehumet
  8576 | D:7      | Gained mutation: You are immune to freezing clouds.
                  | [demonic ancestry]
  8576 | D:7      | Reached XP level 9. HP: 56/58 MP: 15/15
  8581 | D:7      | Found a runed translucent door.
  8581 | D:7      | Noticed lis82's ghost (novice DgAE)
  8801 | D:7      | Reached skill level 1 in Maces & Flails
  8840 | D:7      | Found a shimmering altar of Xom.
  9069 | D:8      | Reached * piety under Vehumet
  9069 | D:8      | Offered knowledge of Shock by Vehumet.
  9085 | D:8      | Reached skill level 1 in Shields
  9401 | D:8      | Found a blossoming altar of Fedhas.
  9653 | D:8      | Reached skill level 5 in Ice Magic
 10061 | D:9      | Noticed a two-headed ogre
 10079 | D:9      | Killed a two-headed ogre
 10080 | D:9      | Reached skill level 5 in Spellcasting
 10080 | D:9      | Gained mutation: You have large cloven feet. [demonic
                  | ancestry]
 10080 | D:9      | Reached XP level 10. HP: 5/73 MP: 4/17
 10433 | D:9      | Reached ** piety under Vehumet
 10448 | D:9      | Found a staircase to the Lair.
 10485 | D:9      | Offered knowledge of Sandblast by Vehumet.
 10501 | D:9      | Noticed Pikel
 10513 | D:9      | Killed Pikel
 10891 | D:9      | Identified the Volume of Ensnaring Unholy Magic
 10945 | D:9      | Noticed a death yak
 10959 | D:9      | Killed a death yak
 11149 | D:10     | Entered Level 10 of the Dungeon
 11162 | D:10     | Learned a level 5 spell: Fireball
 11182 | D:10     | Noticed a two-headed ogre
 11193 | D:10     | Killed a two-headed ogre
 11215 | D:10     | Reached XP level 11. HP: 42/78 MP: 17/19
 11318 | D:10     | Noticed a two-headed ogre
 11327 | D:10     | Killed a two-headed ogre
 11328 | D:10     | Reached skill level 5 in Fighting
 11328 | D:10     | Reached skill level 5 in Evocations
 11605 | D:10     | Reached skill level 6 in Spellcasting
 11605 | D:10     | Offered knowledge of Mephitic Cloud by Vehumet.
 11625 | D:10     | Got an ichor-stained hand axe
 11626 | D:10     | Identified the +3 hand axe of Gallantry {flame, Fragile
                  | rElec rPois SInv} (You found it on level 10 of the Dungeon)
 12205 | D:10     | Reached *** piety under Vehumet
 12399 | D:11     | Reached skill level 1 in Axes
 12399 | D:11     | Reached skill level 5 in Hexes
 12467 | D:11     | Offered knowledge of Olgreb's Toxic Radiance by Vehumet.
 12515 | D:11     | Found a staircase to the Orcish Mines.
 12756 | D:11     | Got an encrusted whip
 12812 | D:11     | Learned a level 4 spell: Olgreb's Toxic Radiance
 12829 | D:11     | Reached **** piety under Vehumet
 12862 | D:11     | Noticed Grum
 12965 | D:11     | Killed Grum
 12968 | D:11     | Offered knowledge of Static Discharge by Vehumet.
 12969 | D:11     | Reached skill level 1 in Poison Magic
 13339 | D:12     | Found a large runed translucent door.
 13340 | D:12     | Found a large runed translucent door.
 13407 | D:12     | Noticed a cyan ugly thing
 13421 | D:12     | Killed a cyan ugly thing
 13469 | D:12     | Noticed a two-headed ogre
 13497 | D:12     | Reached skill level 5 in Conjurations
 13584 | D:12     | Noticed a boulder beetle
 13621 | D:12     | Killed a boulder beetle
 13730 | D:12     | Reached skill level 7 in Spellcasting
 13845 | D:12     | Noticed a centaur warrior
 13860 | D:12     | Killed a centaur warrior
 13963 | D:12     | Reached XP level 12. HP: 85/86 MP: 22/22
 14009 | D:12     | Got a spiked chain mail
 14048 | D:12     | Noticed a two-headed ogre
 14054 | D:12     | Killed a two-headed ogre
 14331 | D:12     | Noticed a boulder beetle
 14344 | D:12     | Killed a boulder beetle
 14485 | D:12     | Identified the +3 whip "Dupusal" {vorpal, *Noise Will+
                  | Str+2} (You found it on level 11 of the Dungeon)
 14550 | D:12     | Reached ***** piety under Vehumet
 14655 | D:13     | Offered knowledge of Eringya's Noxious Bog by Vehumet.
 14844 | D:13     | Found a gate to the Vaults.
 15121 | D:13     | Noticed a catoblepas
 15137 | D:13     | Killed a catoblepas
 15304 | D:13     | Found Sasierow's Jewellery Boutique.
 15622 | D:13     | Found a portal to a secret trove of treasure.
 15622 | D:13     | Noticed Rupert
 15752 | Lair:1   | Entered Level 1 of the Lair of Beasts
 15833 | Lair:1   | Reached skill level 8 in Spellcasting
 16720 | Lair:2   | Noticed a queen ant
 16722 | Lair:2   | Noticed Sonja
 16733 | Lair:2   | Killed Sonja
 16733 | Lair:2   | Killed a queen ant
 16734 | Lair:2   | Gained mutation: You have hoof-like feet. [demonic
                  | ancestry]
 16734 | Lair:2   | Reached XP level 13. HP: 78/92 MP: 23/25
 16790 | Lair:2   | Reached skill level 9 in Spellcasting
 16891 | Lair:2   | Offered knowledge of Spellforged Servitor by Vehumet.
 16907 | Lair:2   | Learned a level 7 spell: Spellforged Servitor
 17038 | Lair:2   | Reached skill level 1 in Fire Magic
 17298 | Lair:2   | You fall into a shaft and drop 2 floors!
 17342 | Lair:3   | Found the +10 tower shield of Ignorance {rN+ Int-4}
 18307 | Lair:3   | Found a staircase to the Snake Pit.
 18719 | Lair:4   | Reached skill level 5 in Dodging
 19484 | Lair:4   | Found a staircase to the Swamp.
 19569 | Lair:4   | Identified the +3 chain mail "Omimiu" {rN++} (You found it
                  | on level 12 of the Dungeon)
 19691 | Lair:5   | Reached skill level 10 in Spellcasting
 20038 | Lair:5   | Found a staircase to the Slime Pits.
 20038 | Lair:5   | Found a viscous altar of Jiyva.
 20064 | Lair:5   | Reached XP level 14. HP: 68/99 MP: 13/28
 20737 | Lair:6   | Entered Level 6 of the Lair of Beasts
 20802 | Lair:6   | Reached skill level 5 in Axes
 20960 | Lair:6   | Offered knowledge of Lee's Rapid Deconstruction by Vehumet.
 20968 | Lair:6   | Reached skill level 5 in Summonings
 21812 | Lair:6   | Reached skill level 5 in Stealth
 22183 | Lair:6   | Found a runed translucent door.
 22666 | Lair:6   | Reached skill level 5 in Fire Magic
 22722 | Lair:6   | Gained mutation: You have a moderately thin skeletal
                  | structure. (Dex +4, Stealth+) [demonic ancestry]
 22722 | Lair:6   | Reached XP level 15. HP: 52/105 MP: 19/29
 23503 | Orc:1    | Entered Level 1 of the Orcish Mines
 23504 | Orc:1    | You fall into a shaft and drop 1 floor!
 23504 | Orc:2    | Entered Level 2 of the Orcish Mines
 24052 | Orc:2    | Reached ****** piety under Vehumet
 24055 | Orc:2    | Noticed an orc warlord
 24071 | Orc:1    | Reached skill level 11 in Spellcasting
 24209 | Orc:2    | Offered knowledge of Iskenderun's Battlesphere by Vehumet.
 24453 | Orc:1    | Learned a level 5 spell: Iskenderun's Battlesphere
 24711 | Orc:2    | Paralysed by an ogre mage for 7 turns
 25470 | Orc:2    | Killed an orc warlord
 25553 | Orc:2    | Noticed Nessos
 25728 | Orc:1    | Noticed an orc warlord
 25749 | Orc:2    | Offered knowledge of Freezing Cloud by Vehumet.
 25823 | Orc:2    | Found Huscheodai's Assorted Antiques.
 25828 | Orc:2    | Found Usiw Xul's Gadget Boutique.
 25859 | Orc:2    | Bought a bubbling brown potion for 27 gold pieces
 25859 | Orc:2    | Bought a scroll of identify for 62 gold pieces
 25859 | Orc:2    | Bought a hardcover book for 465 gold pieces
 25876 | Orc:2    | Found Gukal's Book Emporium.
 25877 | Orc:2    | Found Kuonorchy's Antique Armour Emporium.
 25917 | Orc:2    | Reached skill level 1 in Throwing
 25942 | Orc:2    | Killed Nessos
 26177 | Orc:2    | Found a staircase to the Elven Halls.
 26506 | Orc:2    | Killed an orc warlord
 26861 | D:12     | Found an iron altar of Okawaru.
 26861 | D:12     | Found an iron altar of Okawaru.
 27495 | D:14     | Noticed Azrael
 27509 | D:14     | Killed Azrael
 27510 | D:14     | Reached skill level 5 in Poison Magic
 27622 | D:14     | Got a scorched marble ring
 27624 | D:14     | Identified the ring "Ytyomifuci" {rN+ Dex+4 SInv} (You
                  | found it on level 14 of the Dungeon)
 27666 | D:14     | Noticed Josephine
 28230 | D:14     | Found a basalt altar of Yredelemnul.
 28343 | D:15     | Entered Level 15 of the Dungeon
 28767 | D:15     | Gained mutation: A meltable icy envelope protects you from
                  | harm. (AC +0) [demonic ancestry]
 28767 | D:15     | Reached XP level 16. HP: 48/113 MP: 20/31
 28767 | D:15     | Offered knowledge of Conjure Ball Lightning by Vehumet.
 28942 | D:15     | Reached skill level 10 in Evocations
 29213 | D:15     | Paralysed by an orc sorcerer for 7 turns
 29311 | D:15     | Found a staircase to the Depths.
 29418 | D:15     | Reached skill level 10 in Conjurations
 29614 | D:15     | Noticed Kirke
 29623 | D:15     | Killed Kirke
 29835 | D:15     | Reached skill level 5 in Shields
 30721 | Swamp:1  | Entered Level 1 of the Swamp
 31282 | Swamp:1  | Offered knowledge of Ozocubu's Refrigeration by Vehumet.
 31283 | Swamp:1  | Reached skill level 12 in Spellcasting
 32551 | Swamp:2  | Learned a level 6 spell: Ozocubu's Refrigeration
 32556 | Swamp:2  | Learned a level 3 spell: Ignite Poison
 33071 | Swamp:2  | Found a runed translucent gate.
 33071 | Swamp:2  | Noticed Beaer's ghost (journeyman VSBr)
 33072 | Swamp:2  | Found a runed translucent gate.
 33073 | Swamp:2  | Found a runed translucent gate.
 33130 | Swamp:2  | Killed Beaer's ghost
 33420 | Elf:1    | Entered Level 1 of the Elven Halls
 33947 | Elf:1    | Offered knowledge of Fire Storm by Vehumet.
 33947 | Elf:1    | Offered knowledge of Shatter by Vehumet.
 33947 | Elf:1    | Offered knowledge of Tornado by Vehumet.
 33949 | Elf:1    | Gained mutation: You have an unnaturally thin skeletal
                  | structure. (Dex +6, Stealth++) [demonic ancestry]
 33949 | Elf:1    | Reached XP level 17. HP: 92/113 MP: 33/33
 34092 | Elf:1    | Identified the Incunabulum of the Armadillo
 34958 | Swamp:2  | Learned a level 7 spell: Orb of Destruction
 35062 | Swamp:3  | Identified the Compendium of the Doomed Voyage
 35441 | Swamp:3  | Got an ancient arbalest
 35785 | Swamp:4  | Entered Level 4 of the Swamp
 37637 | Swamp:4  | Identified the +9 arbalest "Ixkal" {penet, rElec rC+ Str+3}
                  | (You found it on level 3 of the Swamp)
 37727 | Swamp:4  | Got a decaying rune of Zot
 38314 | Elf:1    | Reached skill level 13 in Spellcasting
 38421 | Elf:2    | Reached skill level 10 in Summonings
 38529 | Elf:2    | Found Dibuexogg's Book Boutique.
 38618 | Elf:2    | Noticed Saint Roka
 38643 | Elf:2    | Killed Saint Roka
 38823 | Elf:2    | Reached XP level 18. HP: 116/125 MP: 35/35
 39133 | Elf:2    | Found a huge runed translucent gate.
 39133 | Elf:2    | Found a huge runed translucent gate.
 39133 | Elf:2    | Found a huge runed translucent gate.
 39133 | Elf:2    | Found a huge runed translucent gate.
 39133 | Elf:2    | Found a huge runed translucent gate.
 39665 | Orc:2    | Bought the +1 cloak of Starlight {*Dazzle EV+4 Stlth--} for
                  | 793 gold pieces
 39665 | Orc:2    | Found the +1 cloak of Starlight {*Dazzle EV+4 Stlth--}
 39665 | Orc:2    | Bought a twisted kite shield for 247 gold pieces
 39709 | Orc:2    | Identified the +4 kite shield of the Komodo Dragon {Regen+
                  | Str+2 Dex+5 Slay-2} (You bought it in a shop on level 2 of
                  | the Orcish Mines)
 39797 | Elf:3    | Entered Level 3 of the Elven Halls
 40187 | Elf:3    | Noticed Donald
 40198 | Elf:3    | Killed Donald
 41052 | Elf:3    | Identified the +5 robe of Analysis {rElec rF++ Regen+
                  | Int-3}
 41314 | Elf:3    | Identified the +5 broad axe "Sarcophage" {vorpal, rC+ rN+
                  | Will+ Int-3}
 41314 | Elf:3    | Identified the ring "Ofeathrio" {Ice Will+}
 41391 | Elf:3    | Identified the ring "Oxaotal" {*Tele rPois rF+ Will+ Int-3}
 41391 | Elf:3    | Identified the +0 leather armour "Siemyazy" {+Blink Str-2
                  | Int+3}
 41611 | Elf:3    | Identified the cursed +1 scale mail of the Tormentor {-Tele
                  | MP+9 Int+3 Stlth+}
 41629 | Elf:3    | Reached skill level 14 in Spellcasting
 42256 | Snake:1  | Entered Level 1 of the Snake Pit
 43570 | Elf:2    | Bought a manual of Spellcasting for 1435 gold pieces
 44098 | Snake:1  | Reached skill level 1 in Crossbows
 44912 | Snake:2  | Reached XP level 19. HP: 115/131 MP: 30/37
 45015 | Snake:2  | Found a hide-covered altar of Uskayaw.
 46445 | Snake:3  | Reached skill level 1 in Transmutations
 47043 | Snake:3  | Reached skill level 15 in Spellcasting
 49308 | Snake:4  | Entered Level 4 of the Snake Pit
 49308 | Snake:4  | Found a hazy altar of Hepliaklqana.
 49781 | Snake:4  | Found Liwap's Assorted Antiques.
 49808 | Snake:4  | Bought a scroll of blinking for 240 gold pieces
 49840 | Snake:4  | Got a brightly glowing whip
 49844 | Snake:4  | Identified the +8 whip of Capi {vorpal, Int+7} (You found
                  | it on level 4 of the Snake Pit)
 51264 | Snake:4  | Reached skill level 5 in Armour
 51315 | Snake:4  | Reached skill level 16 in Spellcasting
 51399 | Snake:4  | Reached XP level 20. HP: 139/139 MP: 13/40
 51716 | Snake:4  | Got a serpentine rune of Zot
 52314 | Vaults:1 | Entered Level 1 of the Vaults
 52641 | Vaults:1 | Identified the +5 great sword "Zynooth" {freeze, *Rage +Fly
                  | rF+}
 53148 | Vaults:1 | Found a white marble altar of Elyvilon.
 53260 | Vaults:1 | Got a pair of brightly glowing boots
 53271 | Vaults:1 | Identified the +0 pair of boots "Wugal" {+Blink rF+ rC+
                  | Int+4} (You found it on level 1 of the Vaults)
 53381 | Vaults:1 | Reached skill level 17 in Spellcasting
 53386 | Vaults:1 | Reached skill level 5 in Crossbows
 54778 | Vaults:1 | Learned a level 9 spell: Fire Storm
 54829 | Vaults:2 | Found a flickering gateway to a bazaar.
 54836 | Bazaar   | Entered a bazaar
 54841 | Bazaar   | Found Iceppuj's Antique Weapon Emporium.
 54844 | Bazaar   | Found Hiaps's Book Shop.
 54850 | Bazaar   | Found Lash's Weapon Emporium.
 54865 | Bazaar   | Found Vihetiqe's Jewellery Boutique.
 54873 | Bazaar   | Bought the ring of Sececu {rF+ rC+ rN+ Stlth+} for 683 gold
                  | pieces
 55030 | Vaults:2 | Found a ruined gateway.
 55035 | Desolati | Entered the Desolation of Salt
 55456 | Desolati | Got a twitching amber ring
 55465 | Desolati | Identified the ring "Wiliczukh" {Wiz SInv} (You found it in
                  | the Desolation of Salt)
 55630 | Desolati | Got a twitching ivory ring
 55634 | Desolati | Got a fine ivory ring
 55644 | Desolati | Identified the ring "Apuogeb" {rC+ Stlth+} (You found it in
                  | the Desolation of Salt)
 55645 | Desolati | Identified the ring "Zuoxe" {rPois SInv} (You found it in
                  | the Desolation of Salt)
 55651 | Desolati | Got a scintillating marble ring
 55653 | Desolati | Identified the ring "Lus Ystu" {Will+ MP-9 Str+3 Int+3}
                  | (You found it in the Desolation of Salt)
 55787 | Desolati | Got a transparent mace
 55842 | Desolati | Identified the +7 mace "Myci Kyi" {freeze, rElec Int+2}
                  | (You found it in the Desolation of Salt)
 55982 | Vaults:2 | Reached skill level 18 in Spellcasting
 56135 | Vaults:2 | Reached XP level 21. HP: 132/145 MP: 29/43
 56982 | Vaults:2 | Reached skill level 15 in Conjurations
 57385 | Vaults:2 | Reached skill level 10 in Ice Magic
 57764 | Vaults:2 | Found a staircase to the Crypt.
 58062 | Vaults:3 | Found Enkenuoc's Gadget Emporium.
 58072 | Vaults:3 | Bought a condenser vane for 520 gold pieces
 58132 | Vaults:3 | Noticed Asterion
 58140 | Vaults:3 | Killed Asterion
 58928 | Vaults:3 | Found Bysots's Jewellery Emporium.
 60406 | Vaults:3 | Learned a level 6 spell: Invisibility
 60468 | Vaults:4 | Found Kiusihuo's Antique Armour Boutique.
 61085 | Vaults:4 | Reached skill level 10 in Fire Magic
 61224 | Vaults:4 | Reached skill level 19 in Spellcasting
 61226 | Vaults:4 | Gained mutation: You have hooves in place of feet. [demonic
                  | ancestry]
 61226 | Vaults:4 | Reached XP level 22. HP: 73/153 MP: 5/45
 61309 | Vaults:4 | Noticed Mennas
 61663 | Vaults:4 | Found Voc Qop's Weapon Boutique.
 61991 | Vaults:4 | Found Zoifryut's Assorted Antiques.
 62642 | Elf:3    | Identified the +3 long sword "Tedot" {flame, Will+ Int+4}
 63346 | D:3      | Lost mutation: You have a pair of small horns on your head.
                  | [potion of mutation]
 63346 | D:3      | Gained mutation: Your flesh is very cold resistant. (rC++)
                  | [potion of mutation]
 63346 | D:3      | Gained mutation: Your skin changes colour to match your
                  | surroundings (Stealth+). [potion of mutation]
 63346 | D:3      | Gained mutation: Your skin blends seamlessly with your
                  | surroundings (Stealth++). [potion of mutation]
 63346 | D:3      | Gained mutation: You are strong-willed. (Will+) [potion of
                  | mutation]
 63420 | D:7      | Killed lis82's ghost
 63676 | Vaults:4 | Bought a jewelled hat for 333 gold pieces
 63681 | Vaults:4 | Identified the +0 hat "Xafuso" {Dex+6} (You bought it in a
                  | shop on level 4 of the Vaults)
 63995 | Elf:3    | Got a transparent helmet
 64006 | Elf:3    | Identified the +0 helmet of Prudence {+Inv Regen+ MP-9
                  | Stlth-} (You found it on level 3 of the Elven Halls)
 64436 | Crypt:1  | Entered Level 1 of the Crypt
 64446 | Crypt:1  | Upgraded the game from 0.26.0-9-gab577f9fc5 to
                  | 0.26.0-10-g1f06aea511
 64516 | Crypt:1  | Noticed Margery
 64616 | Crypt:1  | Killed Margery
 66432 | Crypt:1  | Reached skill level 5 in Maces & Flails
 66782 | Crypt:1  | Noticed Frederick
 66792 | Crypt:1  | Killed Frederick
 70118 | Crypt:2  | Cast into level 2 of the Abyss (reaper)
 70333 | Crypt:2  | Escaped the Abyss
 70558 | Crypt:2  | Gained mutation: You are robust. (+10% HP) [demonic
                  | ancestry]
 70558 | Crypt:2  | Reached XP level 23. HP: 119/176 MP: 41/46
 71123 | Crypt:2  | Found the +3 giant club "Skullcrusher" {speed, Str+7}
 71516 | Crypt:3  | Entered Level 3 of the Crypt
 72106 | Vaults:5 | Entered Level 5 of the Vaults
 72120 | Vaults:4 | Found Gymay's Antique Armour Shop.
 73281 | Vaults:5 | Noticed an ancient lich
 73286 | Vaults:5 | Killed an ancient lich
 73519 | Vaults:5 | Reached skill level 20 in Spellcasting
 74609 | Vaults:4 | Bought a scroll of enchant armour for 165 gold pieces
 74772 | D:13     | Killed Rupert
 74779 | D:13     | You paid a toll of +3 storm dragon scales to enter a
                  | treasure trove
 74780 | Trove    | Entered a treasure trove
 74790 | Trove    | Got a slimy zirconium amulet
 74794 | Trove    | Got a clouded lead amulet
 74806 | Trove    | Identified the amulet of Weuhawn {*Corrode Regen+ Int+4
                  | Dex+3} (You found it in a treasure trove)
 74807 | Trove    | Identified the amulet "Yloesun" {RegenMP Str+4} (You found
                  | it in a treasure trove)
 74842 | Trove    | Got a brightly glowing platinum amulet
 74847 | Trove    | Identified the amulet "Cupeiq" {*Slow Will+ Regen+ Str+8}
                  | (You found it in a treasure trove)
 74860 | Trove    | Got a slimy jade ring
 74872 | Trove    | Identified the ring "Toyloat" {rC+ AC+4} (You found it in a
                  | treasure trove)
 74911 | Trove    | Got a fine lapis lazuli ring
 74923 | Trove    | Got a faintly glowing iron ring
 74926 | Trove    | Got a shimmering bronze ring
 74932 | Trove    | Identified the ring "Dekhlit" {+Blink rN+++ Str-5 Int-2
                  | Dex+6} (You found it in a treasure trove)
 74933 | Trove    | Identified the ring "Lofeate" {rElec Int+3 Dex+6} (You
                  | found it in a treasure trove)
 74934 | Trove    | Identified the ring "Soppotob" {+Fly rElec rC- AC+4 SInv}
                  | (You found it in a treasure trove)
 75242 | Vaults:5 | Identified the +2 trident "Nummimn" {vorpal, rF+ rN++ SInv
                  | Stlth+}
 75401 | Vaults:5 | Reached XP level 24. HP: 156/183 MP: 14/47
 75981 | Vaults:5 | Identified the Compendium of Cloudy Flames
 75991 | Vaults:5 | Got a fine scale mail
 76068 | Vaults:5 | Identified the +12 long sword "Atucylun" {vorpal, *Corrode
                  | Will+ Str+4 Stlth+}
 76471 | Vaults:5 | Got a shimmering lapis lazuli ring
 76527 | Vaults:5 | Found the +0 pair of fencer's gloves {Riposte Dex+3}
 76747 | Vaults:5 | Found the +10 Black Knight's barding {ponderous, rPois rN+}
 76895 | Vaults:5 | Found Alaffoev's Antique Weapon Emporium.
 76895 | Vaults:5 | Found Kodeb's Antique Armour Shop.
 76895 | Vaults:5 | Found Irymp's Magic Scroll Shop.
 76909 | Vaults:5 | Bought a scroll of identify for 30 gold pieces
 76909 | Vaults:5 | Bought a scroll of blinking for 112 gold pieces
 76909 | Vaults:5 | Identified the ring "Tutoronus" {+Fly rN+} (You found it on
                  | level 5 of the Vaults)
 76914 | Vaults:5 | Got a silver rune of Zot
 76935 | Vaults:5 | Found Woetyst's Jewellery Boutique.
 77013 | Vaults:5 | Learned a level 9 spell: Absolute Zero
 77257 | Depths:1 | Entered Level 1 of the Depths
 79643 | Depths:1 | Found a sparkling altar of Nemelex Xobeh.
 79652 | Depths:1 | Found a one-way gate leading to the halls of Pandemonium.
 79748 | Depths:1 | Found a gateway to Hell.
 80235 | Vaults:5 | Bought an encrusted hand crossbow for 187 gold pieces
 80235 | Vaults:5 | Identified the +6 hand crossbow of Nutu {speed, *Contam
                  | rPois rC+ Int+2} (You bought it in a shop on level 5 of the
                  | Vaults)
 80724 | Depths:2 | Identified the +10 quarterstaff of the Insatiable People
                  | {venom, rPois}
 82323 | Depths:2 | Gained mutation: You are very robust. (+20% HP) [demonic
                  | ancestry]
 82323 | Depths:2 | Reached XP level 25. HP: 185/210 MP: 47/47
 82481 | Depths:2 | Identified the +9 hunting sling of Feonaz {venom, +Fly}
 83260 | Depths:2 | Identified the +1 scale mail of Gyj Ummie {MP+9} (You found
                  | it on level 5 of the Vaults)
 83449 | Depths:3 | Noticed Mara
 83577 | Depths:2 | Gained mutation: You tend to lose your temper in combat.
                  | [mutagenic glow]
 83960 | Depths:3 | Noticed Jory
 83972 | Depths:3 | Identified the +4 robe of the Wilderness {+Fly rN+ Str+3}
 83973 | Depths:3 | Killed Jory
 85419 | Orc:2    | Bought a book of Transfigurations for 825 gold pieces
 85419 | Orc:2    | Upgraded the game from 0.26.0-10-g1f06aea511 to
                  | 0.26.0-11-g8f856b5395
 85426 | Orc:2    | Learned a level 5 spell: Irradiate
 85946 | Depths:3 | Reached skill level 21 in Spellcasting
 86480 | Depths:4 | Found Vaelaown's Elemental Accessories.
 86508 | Depths:4 | Noticed a juggernaut
 86512 | Depths:4 | Killed a juggernaut
 86733 | Depths:4 | Paralysed by a floating eye for 4 turns
 86945 | Depths:4 | Noticed a juggernaut
 86949 | Depths:4 | Killed a juggernaut
 86950 | Depths:4 | Reached skill level 1 in Staves
 86971 | Depths:4 | Found a gateway to a ziggurat.
 87015 | Depths:4 | Found Qoab's Distillery.
 87040 | Depths:4 | Noticed a juggernaut
 87052 | Depths:4 | Killed a juggernaut
 87115 | Depths:4 | Reached XP level 26. HP: 218/218 MP: 37/48
 87144 | Depths:4 | Paralysed by a lich for 7 turns
 87575 | Depths:4 | You fall into a shaft and drop 1 floor!
 87575 | Depths:5 | Entered Level 5 of the Depths
 87819 | Depths:4 | Found a one-way gate to the infinite horrors of the Abyss.
 88167 | Depths:5 | Found Rutelare's Antique Armour Shop.
 88171 | Depths:5 | Bought an ichor-stained leather armour for 189 gold pieces
 88171 | Depths:5 | Identified the cursed +1 leather armour of Melancholy {Harm
                  | +Inv Slay-3} (You bought it in a shop on level 5 of the
                  | Depths)
 88173 | Depths:5 | Found Maukh's Assorted Antiques.
 88647 | Depths:5 | Found a gate to the Realm of Zot.
 89428 | Depths:4 | Bought an uncursed staff of fire for 350 gold pieces
 89458 | Depths:4 | Learned a level 8 spell: Ignition
 90106 | Crypt:3  | Found a staircase to the Tomb.
 90955 | Crypt:3  | Identified the +7 dire flail of the Tiger {vorpal, rElec
                  | Dex+4}
 91656 | Crypt:3  | Got a scorched dagger
 91657 | Crypt:3  | Identified the +2 dagger of Contention {vorpal, *Rage rN+
                  | Str+6} (You found it on level 3 of the Crypt)
 91837 | Crypt:3  | Noticed an ancient lich
 91842 | Crypt:3  | Killed an ancient lich
 92292 | Crypt:3  | Identified the Handbook of the Aged Places
 93079 | Zot:1    | Entered Level 1 of the Realm of Zot
 93456 | Zot:1    | Gained mutation: You are extremely robust. (+30% HP)
                  | [demonic ancestry]
 93456 | Zot:1    | Reached XP level 27. HP: 218/244 MP: 37/48
 94422 | Zot:1    | Reached skill level 15 in Ice Magic
 94424 | Zot:1    | Reached skill level 22 in Spellcasting
 95668 | Zot:2    | Reached skill level 15 in Fire Magic
 96032 | Zig:1    | Entered Level 1 of a ziggurat
 96051 | Zig:2    | Entered Level 2 of a ziggurat
 96068 | Zig:3    | Entered Level 3 of a ziggurat
 96071 | Zig:3    | Noticed a juggernaut
 96079 | Zig:3    | Killed a juggernaut
 96096 | Zig:3    | Got a steaming quarterstaff
 96100 | Zig:3    | Identified the +5 quarterstaff "Obo Xua" {vorpal, rElec
                  | rPois rF- Dex+3} (You found it on level 3 of a ziggurat)
 96146 | Zig:4    | Entered Level 4 of a ziggurat
 96178 | Zig:4    | Got a scintillating sapphire amulet
 96180 | Zig:4    | Identified the amulet "Qutwoed" {rElec Regen+} (You found
                  | it on level 4 of a ziggurat)
 96182 | Zig:4    | Got a masterwork shortbow
 96184 | Zig:4    | Identified the +1 shortbow of Fatocaor {venom, Dex+4
                  | Stlth+} (You found it on level 4 of a ziggurat)
 96187 | Zig:4    | Got a fabulously ornate robe
 96188 | Zig:4    | Identified the +1 robe of Omission {rF+ rN++} (You found it
                  | on level 4 of a ziggurat)
 96211 | Zig:5    | Entered Level 5 of a ziggurat
 96265 | Zig:6    | Entered Level 6 of a ziggurat
 96316 | Zig:6    | Reached skill level 10 in Dodging
 96349 | Zig:7    | Entered Level 7 of a ziggurat
 96360 | Zig:7    | Noticed Syroneme the pandemonium lord
 96366 | Zig:7    | Killed Syroneme the pandemonium lord
 96386 | Zig:7    | Got a masterwork scythe
 96390 | Zig:7    | Identified the +4 scythe of the Dancing Badger {freeze, rF+
                  | Str+2 Int-5 Dex+3} (You found it on level 7 of a ziggurat)
 96426 | Zig:8    | Entered Level 8 of a ziggurat
 96462 | Zig:8    | Identified the Collected Works on Evil Toxins
 96507 | Zig:9    | Entered Level 9 of a ziggurat
 96669 | Zig:9    | Found the +12 glaive of Prune {vorpal}
 96675 | Zig:9    | Got a transparent brass ring
 96682 | Zig:9    | Identified the ring "Zarodyr" {rCorr Int+5 Dex+4} (You
                  | found it on level 9 of a ziggurat)
 96758 | Zig:9    | Got a steaming hand crossbow
 96765 | Zig:9    | Identified the +3 hand crossbow of Cugait {freeze, rF+
                  | Int+3} (You found it on level 9 of a ziggurat)
 96775 | Zig:10   | Entered Level 10 of a ziggurat
 96789 | Zig:10   | Identified a scroll of acquirement
 96826 | Zig:10   | Got a bound amber ring
 96834 | Zig:10   | Identified the ring "Jephesh" {rPois rN+ Dex+4} (You found
                  | it on level 10 of a ziggurat)
 96839 | Zig:10   | Got a polished spear
 96849 | Zig:10   | Identified the +2 spear of the Baking Genius {vorpal, Str+2
                  | SInv} (You found it on level 10 of a ziggurat)
 96857 | Zig:10   | Acquired 697 gold pieces
 96871 | Zig:10   | Got a heavily runed chain mail
 96878 | Zig:10   | Identified the cursed +1 chain mail "Ugry" {Will+ Dex+3}
                  | (You found it on level 10 of a ziggurat)
 96902 | Zig:10   | Got a crude glaive
 96906 | Zig:10   | Identified the +11 glaive "Wennog" {protect, *Slow Int+5}
                  | (You found it on level 10 of a ziggurat)
 97986 | Zot:2    | Reached skill level 10 in Armour
 98494 | Zot:2    | Reached skill level 23 in Spellcasting
 99123 | Vaults:5 | Bought glowing steam dragon scales for 1548 gold pieces
 99524 | Slime:1  | Entered Level 1 of the Pits of Slime
 99604 | Slime:1  | Gained mutation: Scrolls take you a little longer to read.
                  | [a shining eye]
 99609 | Slime:1  | Gained mutation: Scrolls take you longer to read. [a
                  | shining eye]
 99881 | Slime:2  | Gained mutation: You have an increased reservoir of magic.
                  | (+10% MP) [a shining eye]
100324 | Slime:5  | Entered Level 5 of the Pits of Slime
100350 | Slime:5  | Noticed the Royal Jelly
100403 | Slime:5  | Killed the Royal Jelly
101534 | Slime:5  | Found the +12 Vampire's Tooth {vamp}
101534 | Slime:5  | Gained mutation: You occasionally shout uncontrollably at
                  | your foes. [a shining eye]
101726 | Slime:5  | Got a shimmering granite ring
101735 | Slime:5  | Identified the ring "Bumich" {rF+ rN+ Int+3} (You found it
                  | on level 5 of the Pits of Slime)
101743 | Slime:5  | Got a slimy rune of Zot
101811 | Slime:5  | Lost mutation: You have an increased reservoir of magic.
                  | (+10% MP) [potion of mutation]
101811 | Slime:5  | Lost mutation: You tend to lose your temper in combat.
                  | [potion of mutation]
101811 | Slime:5  | Lost mutation: Your flesh is very cold resistant. (rC++)
                  | [potion of mutation]
101811 | Slime:5  | Gained mutation: You are dopey. (Int -2) [potion of
                  | mutation]
101811 | Slime:5  | Gained mutation: You are covered in fur. (AC +1) [potion of
                  | mutation]
101812 | Slime:5  | Lost mutation: Scrolls take you longer to read. [potion of
                  | mutation]
101812 | Slime:5  | Lost mutation: You are covered in fur. (AC +1) [potion of
                  | mutation]
101812 | Slime:5  | Lost mutation: Scrolls take you a little longer to read.
                  | [potion of mutation]
101812 | Slime:5  | Lost mutation: You are strong-willed. (Will+) [potion of
                  | mutation]
101812 | Slime:5  | Gained mutation: You are somewhat resistant to further
                  | mutation. [potion of mutation]
101813 | Slime:5  | Lost mutation: You occasionally shout uncontrollably at
                  | your foes. [potion of mutation]
101813 | Slime:5  | Lost mutation: You are dopey. (Int -2) [potion of mutation]
101813 | Slime:5  | Lost mutation: You are somewhat resistant to further
                  | mutation. [potion of mutation]
101813 | Slime:5  | Gained mutation: Your body sometimes deteriorates upon
                  | taking damage. [potion of mutation]
101813 | Slime:5  | Gained mutation: You are strong-willed. (Will+) [potion of
                  | mutation]
101814 | Slime:5  | Lost mutation: Your body sometimes deteriorates upon taking
                  | damage. [potion of mutation]
101814 | Slime:5  | Lost mutation: You are strong-willed. (Will+) [potion of
                  | mutation]
101814 | Slime:5  | Gained mutation: You tend to lose your temper in combat.
                  | [potion of mutation]
101814 | Slime:5  | Lost mutation: You tend to lose your temper in combat.
                  | [potion of mutation]
101817 | Slime:5  | Got a scorched falchion
101818 | Slime:5  | Identified the +10 falchion of the Seventy-Seven Ears
                  | {vorpal, *Rage Int+3 Stlth+} (You found it on level 5 of
                  | the Pits of Slime)
101837 | Slime:5  | Got a steaming jade ring
101854 | Slime:5  | Got a scintillating granite ring
101859 | Slime:5  | Identified the cursed ring of Ruxze {*Drain rElec Will-
                  | Dex-4 Stlth+} (You found it on level 5 of the Pits of
                  | Slime)
101861 | Slime:5  | Identified the ring of Dim Light {Ice +Inv rPois} (You
                  | found it on level 5 of the Pits of Slime)
101902 | Slime:5  | Acquired 967 gold pieces
103797 | Zot:3    | You fall into a shaft and drop 1 floor!
104531 | Zot:4    | Found a runed translucent door.
104532 | Zot:4    | Noticed wilo's ghost (master MfBe)
104962 | Zot:4    | Killed wilo's ghost
105025 | Zot:5    | Entered Level 5 of the Realm of Zot
105388 | Zot:5    | Found a runed translucent gate.
105388 | Zot:5    | Found a runed translucent gate.
105389 | Zot:5    | Found an ancient bone altar of Kikubaaqudgha.
105389 | Zot:5    | Found a runed translucent gate.
105390 | Zot:5    | Noticed an ancient lich
105390 | Zot:5    | Noticed Muataran's ghost (veteran MiMo)
105390 | Zot:5    | Noticed Hicanoach's ghost (master DsGl)
105391 | Zot:5    | Noticed an ancient lich
105391 | Zot:5    | Noticed an ancient lich
105767 | Zot:5    | Noticed an orb of fire
105814 | Zot:5    | Reached skill level 24 in Spellcasting
106020 | Zot:5    | Noticed an orb of fire
106034 | Zot:5    | Gained mutation: Scrolls take you a little longer to read.
                  | [an orb of fire]
106035 | Zot:5    | Noticed an orb of fire
106045 | Zot:5    | Killed an orb of fire
106241 | Zot:5    | Killed an orb of fire
106549 | Zot:5    | Noticed an orb of fire
106658 | Zot:5    | Noticed an ancient lich
106663 | Zot:5    | Killed an ancient lich
106727 | Zot:5    | Gained mutation: You do not regenerate when monsters are
                  | visible. [an orb of fire]
106765 | Zot:5    | Noticed an orb of fire
106766 | Zot:5    | Gained mutation: Armour fits poorly on your strangely
                  | shaped body. [an orb of fire]
106768 | Zot:5    | Gained mutation: Scrolls take you longer to read. [an orb
                  | of fire]
106780 | Zot:5    | Noticed an orb of fire
106796 | Zot:5    | Killed an orb of fire
106818 | Zot:5    | Noticed an orb of fire
106836 | Zot:5    | Gained mutation: Your spells are a little easier to cast,
                  | but a little less powerful. [an orb of fire]
106848 | Zot:5    | Gained mutation: You are weak. (Str -2) [an orb of fire]
106850 | Zot:5    | Gained mutation: You are clumsy. (Dex -2) [an orb of fire]
106854 | Zot:5    | Gained mutation: You tend to lose your temper in combat.
                  | [an orb of fire]
106854 | Zot:5    | Killed from afar by an orb of fire

Illustrated notes

Levels and vault maps discovered:
D:1:      dpeg_arrival_water_temple_mockup, layout_basic, minmay_heptomino_o4
D:2:      layout_basic, okawaru_altar_gauntlet_db
D:3:      layout_rooms, eino_tiny_chamber
D:4:      layout_cave_pools, minivault_19, minmay_surrounded, uniq_menkaure
D:5:      layout_basic
D:6:      cheibrodos_thug_alley, layout_basic, uniq_sigmund
D:7:      layout_basic, minmay_temple_entry_glass, gammafunk_ghost_grave,
          lemuel_tele_altar
D:8:      minmay_angry_zag, layout_basic, fedhas_altar_2
D:9:      layout_cave_pools, erik_lair_orcish_takeover, serial_ice,
          serial_ice_d, serial_ice_i, serial_ice_b, serial_ice_n, uniq_pikel
D:10:     layout_layer_cave, grunt_decor_fettered
D:11:     layout_irregular_city, minmay_orc_entry_guard_dogs, uniq_grum
D:12:     okawaru_arena_lexackson, layout_long_grid, gauntlet_entry_generic
D:13:     layout_irregular_city, erik_vaults_1, enter_trove_3, serial_shops,
          shop, uniq_rupert
D:14:     layout_roguey, minivault_25, lemuel_mausoleum_altar_yredelemnul,
          uniq_azrael, uniq_josephine
D:15:     grunt_enter_depths_magical_seal, layout_stronghold,
          chequers_serial_rivers_large_a, serial_rivers,
          chequers_serial_rivers_room_b, chequers_serial_rivers_micro_e,
          chequers_serial_rivers_micro_d, chequers_serial_rivers_micro_d,
          uniq_kirke
Temple:   minmay_crystal_snake_temple
Lair:1:   layout_regular_city
Lair:2:   layout_loops_ring, minmay_lair_oklob_bushes, zaba_anthell, uniq_sonja
Lair:3:   layout_chaotic_city, dummy_snake_entry, lemuel_fruit_tree
Lair:4:   layout_gridlike, nicolae_swamp_entry_splash_gauntlet,
          grunt_megastairs_4
Lair:5:   layout_cave_pods, slime_altar_1, chequers_serial_rivers_small_3,
          kennysheep_rathole, infiniplex_staircase_pool_2
Lair:6:   guppyfry_lair_end_dragon, layout_cave_pods, wormcave, roderic_batcave,
          grunt_megastairs_1, infiniplex_staircase_pool
Swamp:1:  layout_falls_marsh, evilmike_swamp_ruin_rubble_1, swamp_pool5,
          hangedman_swamp_pad, nicolae_swamp_hydra_murder_den
Swamp:2:  layout_basic_swamp, ebering_ghost_rock_garden,
          evilmike_swamp_ruin_house_1
Swamp:3:  layout_basic_swamp, hangedman_swamp_blocks
Swamp:4:  swamp_alternative, layout_basic_swamp, swamp_pool1, grunt_hermit_hut
Snake:1:  layout_gridlike, grunt_megastairs_3
Snake:2:  layout_honeycomb, basic_altar
Snake:3:  layout_concentric_octagons, nicolae_snake_springs
Snake:4:  grunt_snake_rune_pools, layout_cave_town, serial_shops,
          shop_fountains, basic_altar, nicolae_snake_squiggles
Slime:1:  layout_caves
Slime:2:  layout_caves
Slime:3:  layout_caves, cheibrodos_slime_lost_civilization_4
Slime:4:  layout_caves
Slime:5
Orc:1:    layout_diamond_mine, mines3_lemuel
Orc:2:    st_orc_open, layout_caves, uniq_nessos
Elf:1:    minmay_elf_arrival_summoners, layout_rooms, minmay_elf_demonology
Elf:2:    layout_geoelf_diagonals, serial_shops, shop, uniq_saint_roka
Elf:3:    grunt_elf_hall_branching, layout_loops_cross,
          nicolae_elf_stone_circles, amcnicky_mini_corridor_feature,
          uniq_asterion, uniq_donald
Vaults:1: v_misc_27, ontoclasm_vaults_shout, v_misc_30, vaults_room_semicircle,
          v_misc_2, ontoclasm_vaults_decontamination, v_misc_10,
          ontoclasm_vaults_eye, v_misc_18, nicolae_vaults_asterisk,
          nicolae_vaults_asterisk, layout_vaults_omnicross, basic_altar
Vaults:2: minmay_crypt_entry_vampire_xt, hangedman_vaults_snaps,
          vaults_mumra_minichess_inversion, hangedman_vaults_restitches,
          v_misc_3, vaults_room_glass_cross, nicolae_vaults_border_crossing,
          nicolae_vaults_shelves_hall, layout_vaults_quadrants,
          portal_desolation_entry_salt, serial_shops, bzr_entry_lakeside
Vaults:3: ontoclasm_vaults_chip, sword_in_stone, ontoclasm_vaults_hangar,
          nicolae_vaults_windows_and_doors_thing, ontoclasm_vaults_bender,
          v_misc_17, hangedman_vaults_stretched_pinwheel,
          grunt_vaults_trifunnel, vaults_room_corners,
          ontoclasm_vaults_misaligned, layout_vaults_big_room, serial_shops,
          nicolae_shop_waterfront, nicolae_shop_behind_doors
Vaults:4: ontoclasm_vaults_tryst, hangedman_vaults_variations,
          vaults_room_pools, vaults_mumra_bighexcomb, ontoclasm_vaults_gateway,
          vaults_dpeg_spiral, v_misc_2, hangedman_vaults_river_flow,
          nicolae_vaults_ninety_degrees, hangedman_vaults_capsules,
          nicolae_vaults_yaktaur_gun_rack, ontoclasm_vaults_ligature,
          layout_vaults_maze_snakey, serial_shops, nicolae_shop_trees,
          nicolae_shop_statue_plus, shop, nicolae_shop_stone, uniq_mennas
Vaults:5
Crypt:1:  layout_chaotic_city, nicolae_crypt_little_mausoleum, uniq_margery,
          uniq_frederick
Crypt:2:  layout_regular_city, minmay_guarded_unrand_skullcrusher
Crypt:3:  due_elkab, layout_chaotic_city
Depths:1: layout_big_octagon, hell_entry, lemuel_crystal_altar, pan_entry,
          kennysheep_generic_room_4
Depths:2: minmay_the_grid_triangle_9x9_line_8_mashed
          [minmay_the_grid_triangle_9x9_empty,
          minmay_the_grid_triangle_9x9_cache,
          minmay_the_grid_triangle_9x9_zippers_horizontal,
          minmay_the_grid_triangle_9x9_swiss_cheese,
          minmay_the_grid_triangle_9x9_wacky_v,
          minmay_the_grid_triangle_9x9_dagger,
          minmay_the_grid_triangle_9x9_windchime,
          minmay_the_grid_triangle_9x9_prize_insulated], layout_honeycomb,
          minmay_strange_pillars, rand_demon_pan_entry_5, pf_coc_iceberg,
          chequers_serial_rivers_micro_d
Depths:3: minmay_heptahexagon, layout_honeycomb, rand_demon_pan_entry_8,
          chequers_serial_rivers_micro_d, lightli_too_deep,
          serial_bayou_lagoon_a, uniq_mara, uniq_jory
Depths:4: minmay_crescents, layout_cave_shapes, enter_ziggurat_a,
          abyss_entry_small_statue_room, serial_shops, shop,
          pf_vacation_house_of_asmodeus, wad_floor_pattern_2,
          nicolae_elemental_shop
Depths:5: grunt_zot_entry_alcove, layout_cave_shapes,
          amcnicky_mini_rare_corridor_liquid, hell_entry, abyss_entry,
          onia_ninara_cookie, grunt_megastairs_2, serial_bayou_shore_b,
          serial_bayou_shore_a, minmay_shoptagon
Zot:1:    lemuel_halls_of_wrath, layout_gridlike
Zot:2:    kennysheep_bubbly, layout_basic
Zot:3:    kennysheep_room_grid, layout_gridlike
Zot:4:    kennysheep_blocky_room, layout_twisted_circle,
          ebering_ghost_reflecting_pool
Zot:5:    layout_cathedral_of_symmetry, gammafunk_ghost_crypt

Skill      XL: |  1  2  3  4  5  6  7  8  9 10 11 12 13 14 15 16 17 18 19 20 21 22 23 24 25 26 27 |
---------------+----------------------------------------------------------------------------------+-----
Slings         | 1 2 3 4 5 6 |  6.8
Fighting       | 1 2 3 4 5 6 7 8 9 |  9.8
Dodging        | 2 3 4 5 6 7 8 9 10 | 10.6
Stealth        | 2 3 4 5 6 7 |  7.7
Ice Magic      | 4 5 6 7 8 9 10 11 12 13 14 18 | 18.1
Spellcasting   | 3 4 5 7 8 10 11 12 13 14 16 18 19 20 21 24 | 24.2
Short Blades   | 1 |  1.9
Summonings     | 1 4 6 7 8 10 11 12 13 | 13.6
Armour         | 1 2 3 4 5 7 12 | 12.4
Evocations     | 1 3 4 5 6 8 9 10 11 | 11.9
Hexes          | 1 3 4 6 7 |  7.2
Conjurations   | 1 3 4 5 6 7 8 9 11 12 13 14 15 16 17 18 19 20 22 | 22.4
Maces & Flails | 2 4 6 7 8 |  8.2
Shields        | 1 2 3 4 5 6 7 8 9 |  9.1
Axes           | 2 4 5 6 7 8 |  8.6
Poison Magic   | 2 3 4 5 6 7 8 |  8.9
Fire Magic     | 3 5 6 7 8 10 11 12 13 14 16 | 16.2
Throwing       | 1 |  1.1
Crossbows      | 1 4 5 6 7 |  7.1
Transmutations | 1 2 3 |  3.8
Staves         | 1 2 |  2.3
Unarmed Combat | |  0.2

Action                   |  1- 3 |  4- 6 |  7- 9 | 10-12 | 13-15 | 16-18 | 19-21 | 22-24 | 25-27 || total
-------------------------+-------+-------+-------+-------+-------+-------+-------+-------+-------++-------
Melee: Unarmed           |     7 |       |       |       |       |       |       |       |       ||     7
       Hand axe          |     5 |       |       |   438 |   772 |   375 |       |       |       ||  1590
       Dagger            |       |    20 |       |       |       |       |       |       |       ||    20
       Whip              |       |    20 |    16 |       |       |       |       |       |       ||    36
       Headbutt          |       |     4 |    45 |    92 |   173 |   116 |    79 |     2 |       ||   511
       Short sword       |       |       |    23 |       |       |       |       |       |       ||    23
       Rapier            |       |       |   110 |       |       |       |       |       |       ||   110
       Morningstar       |       |       |   152 |   151 |       |       |       |       |       ||   303
       Broad axe         |       |       |       |       |       |    10 |   259 |       |       ||   269
       Mace              |       |       |       |       |       |       |    11 |    54 |       ||    65
       Punch             |       |       |       |       |       |       |     1 |       |     1 ||     2
       Great mace        |       |       |       |       |       |       |       |   258 |   131 ||   389
       Kick              |       |       |       |       |       |       |       |   154 |   179 ||   333
       Staff             |       |       |       |       |       |       |       |    21 |   177 ||   198
 Fire: Hunting sling     |   108 |   179 |   212 |    43 |       |       |       |       |       ||   542
       Arbalest          |       |       |       |       |       |    51 |   415 |       |       ||   466
       Hand crossbow     |       |       |       |       |       |       |       |   190 |    57 ||   247
Throw: Dart              |       |       |     3 |    22 |    22 |       |       |       |       ||    47
       Stone             |       |       |       |     1 |       |       |       |       |       ||     1
 Cast: Freeze            |    10 |     6 |     4 |     1 |       |       |       |       |       ||    21
       Frozen Ramparts   |     4 |     9 |    18 |    63 |   112 |    50 |    61 |    25 |    27 ||   369
       Ozocubu's Armour  |       |     1 |     9 |    30 |    66 |    17 |       |       |       ||   123
       Summon Ice Beast  |       |       |       |     2 |       |       |       |       |       ||     2
       Fulminant Prism   |       |       |       |    15 |    55 |    16 |       |       |       ||    86
       Olgreb's Toxic Ra |       |       |       |     8 |    53 |    40 |    63 |    25 |    32 ||   221
       Fireball          |       |       |       |       |   162 |   277 |    95 |    62 |   283 ||   879
       Iskenderun's Batt |       |       |       |       |     7 |     3 |       |       |       ||    10
       Spellforged Servi |       |       |       |       |     2 |    40 |    56 |    71 |    71 ||   240
       Ozocubu's Refrige |       |       |       |       |       |    36 |    36 |    34 |    23 ||   129
       Ignite Poison     |       |       |       |       |       |    31 |    64 |    29 |    30 ||   154
       Orb of Destructio |       |       |       |       |       |   131 |   196 |   423 |   481 ||  1231
       Invisibility      |       |       |       |       |       |       |     1 |     3 |       ||     4
       Fire Storm        |       |       |       |       |       |       |       |     4 |    29 ||    33
       Irradiate         |       |       |       |       |       |       |       |       |    31 ||    31
       Ignition          |       |       |       |       |       |       |       |       |    21 ||    21
       Absolute Zero     |       |       |       |       |       |       |       |       |    59 ||    59
Evoke: Wand              |       |       |       |    43 |    60 |    22 |    17 |    32 |    45 ||   219
       Box of beasts     |       |       |       |     1 |     4 |     5 |     1 |       |       ||    11
       Lightning rod     |       |       |       |       |     5 |     9 |     2 |     1 |       ||    17
       Phantom mirror    |       |       |       |       |       |       |     1 |       |     1 ||     2
       Condenser vane    |       |       |       |       |       |       |       |     5 |     6 ||    11
       Tin of tremorston |       |       |       |       |       |       |       |     3 |     6 ||     9
  Use: Scroll            |     2 |     3 |     8 |    12 |    13 |    16 |    17 |    21 |    25 ||   117
       Potion            |       |     3 |       |     2 |     5 |     5 |     9 |    10 |     9 ||    43
 Stab: Sleeping          |       |       |    14 |    12 |    10 |     5 |     4 |     1 |     1 ||    47
       Paralysed         |       |       |       |    28 |    32 |     1 |       |       |     7 ||    68
       Distracted        |       |       |       |     1 |       |       |     5 |     9 |    11 ||    26
       Confused          |       |       |       |     1 |       |       |       |       |       ||     1
       Invisible         |       |       |       |       |       |     2 |    21 |     1 |     8 ||    32
Armor: Robe              |    18 |    20 |     4 |       |       |       |       |       |   136 ||   178
       Leather armour    |       |       |   134 |   229 |   322 |   292 |   167 |   304 |    20 ||  1468
Dodge: Dodged            |    52 |    63 |   222 |   356 |   558 |   412 |   560 |   969 |   647 ||  3839
Block: Other             |       |       |    70 |    64 |       |    16 |   127 |   190 |   103 ||   570
       Reflection        |       |       |     1 |     5 |    13 |    23 |    31 |    35 |    24 ||   132
       Buckler           |       |       |       |   242 |   493 |   297 |       |       |       ||  1032
       Kite shield       |       |       |       |       |       |       |       |   183 |    81 ||   264
